Map: Ley Lines

Players

KimChiLoVer - Winner!

  • Race: Terran Terran
  • Spawn Location: 7:00

A.I. 1 (Elite)

  • Race: Terran Terran
  • Spawn Location: 1:00

VOD

Have the link to the VOD?

Description

Time

  • Played on: Aug. 6, 2025, 7:07 p.m.
  • Length: 10:28
Show
View Real Time Build Order
Export as new Build Order

KimChiLoVer Terran - Winner!

Build Orders: Reaper Expand 

Get SALT Encoding   

  12  0:00  SCV  
  13  0:12  SCV  
  14  0:16  Supply Depot  
  14  0:24  SCV  
  15  0:38  SCV  
  15  0:39  Barracks  
  16  0:43  Refinery  
  16  0:50  SCV  
  17  1:02  SCV  
  18  1:14  SCV  
  19  1:28  Reaper  
  19  1:29  Orbital Command  
  20  1:38  Command Center  
  20  1:49  Supply Depot  
  20  1:55  SCV  
  21  2:04  Factory  
  21  2:05  Marine  
  21  2:07  SCV  
  23  2:18  Refinery  
  23  2:25  SCV  
  24  2:34  Barracks Reactor  
  24  2:45  SCV  
  25  2:54  Factory Tech Lab  
  25  2:57  SCV  
  26  3:00  Supply Depot  
  26  3:01  Command Center  
  26  3:04  Orbital Command  
  26  3:13  Marine, Barracks  
  26  3:17  Marine  
  28  3:27  Factory Reactor  
  28  3:28  Barracks  
  28  3:34  SCV  
  28  3:35  SCV  
  30  3:46  SCV  
  30  3:47  Starport, SCV  
  32  3:49  Marine  
  33  3:58  SCV  
  33  3:59  SCV  
  35  4:10  SCV  
  35  4:11  SCV  
  35  4:13  Stimpack  
  35  4:14  Marine x2  
  39  4:17  Orbital Command  
  39  4:23  SCV x2  
  41  4:28  Engineering Bay  
  41  4:29  Engineering Bay  
  41  4:32  Marine x2  
  41  4:35  SCV  
  41  4:36  SCV  
  41  4:37  Marine  
  46  4:47  SCV  
  46  4:50  Marine x2  
  46  4:51  Medivac x2  
  53  4:54  Marine  
  53  4:55  Marine  
  53  4:58  SCV  
  53  4:59  SCV  
  57  5:01  SCV  
  57  5:02  Factory Reactor  
  57  5:04  Terran Infantry Weapons Level 1, Terran Infantry Armor Level 1  
  58  5:08  Supply Depot  
  58  5:12  Marine x4  
  62  5:16  SCV  
  62  5:17  Supply Depot, SCV  
  62  5:18  SCV  
  65  5:26  Refinery  
  65  5:28  SCV  
  65  5:29  Marine x2  
  65  5:33  Refinery  
  68  5:41  SCV  
  69  5:43  Marine x2  
  69  5:44  Medivac x2  
  75  5:51  SCV, Barracks  
  75  5:52  Factory Tech Lab  
  75  5:53  SCV, Combat Shield  
  75  5:54  Marine, Barracks  
  78  6:05  SCV  
  78  6:06  Marine x2  
  81  6:11  Barracks Reactor  
  81  6:12  Marine  
  81  6:13  Siege Tank  
  85  6:24  Marine  
  85  6:39  Marine x2  
  86  6:40  Marine x2  
  86  6:41  Medivac x2  
  93  6:48  Supply Depot  
  93  6:49  Supply Depot x2  
  93  6:52  Marine  
  94  6:54  Armory  
  94  6:55  Barracks Tech Lab, Siege Tank  
  94  6:56  Marine x2  
  94  6:57  Marine x3  
  94  6:58  Marauder  
  104  7:12  Supply Depot  
  104  7:16  Marine x3, Marauder  
  104  7:19  Marauder  
  104  7:20  Orbital Command  
  112  7:26  Barracks  
  112  7:28  Barracks  
  112  7:29  Barracks  
  99  8:01  Marine x2, Marauder x2  
  99  8:02  Marine x2  
  99  8:03  Siege Tank  
  99  8:04  Marine x2  
  99  8:05  Medivac x2  
  116  8:19  Marine x3  
  117  8:20  Marine  
  117  8:21  Marine x2  
  117  8:23  Marauder x2  
  106  8:34  SCV  
  106  8:35  SCV x2, Medivac  
  106  8:40  Marine  
  112  8:41  Barracks Tech Lab x2, Barracks Reactor  
  112  8:44  Marauder x2  
  112  8:46  SCV  
  112  8:47  SCV x2  
  117  8:59  SCV x3  
  120  9:06  Marauder x2  
  120  9:07  Medivac x2  
  120  9:08  Marine x4  
  132  9:10  Marine  
  132  9:11  Marine, Marauder x2  
  132  9:12  Concussive Shells  
  132  9:15  Refinery  
  132  9:16  SCV, Refinery  
  139  9:19  SCV x2  
  139  9:22  Supply Depot  
  141  9:24  Supply Depot  
  141  9:25  Supply Depot  
  141  9:43  Medivac, SCV  
  144  9:55  SCV  
  145  10:03  Marine x5  
  145  10:04  Marine x2  
  145  10:05  Marauder x4  
  164  10:26  Supply Depot  
Show
View Real Time Build Order
Export as new Build Order

A.I. 1 (Elite) Terran 

Build Orders:  

Get SALT Encoding   

  12  0:00  SCV  
  13  0:13  SCV  
  14  0:19  Supply Depot  
  14  0:25  SCV  
  15  0:30  Refinery  
  15  0:40  SCV  
  16  0:47  Barracks  
  16  0:53  SCV  
  17  1:05  SCV  
  17  1:07  Supply Depot  
  18  1:17  SCV  
  19  1:29  SCV  
  20  1:33  Marine  
  20  1:37  Factory  
  21  1:43  SCV, Barracks  
  22  1:51  Marine  
  23  1:55  SCV  
  24  2:02  Supply Depot  
  24  2:08  SCV  
  25  2:09  Marine  
  26  2:20  SCV  
  26  2:21  Factory Tech Lab  
  27  2:27  Marine  
  28  2:32  SCV  
  28  2:34  Marine  
  30  2:42  Siege Tank  
  34  2:44  SCV  
  34  3:06  SCV  
  34  3:07  Command Center  
  35  3:19  Refinery, Orbital Command  
  35  3:29  Marine  
  35  3:32  Marine  
  37  3:45  SCV  
  37  3:47  Marine  
  39  3:49  Supply Depot  
  39  4:00  Barracks  
  39  4:05  Barracks Tech Lab  
  39  4:10  Marine, SCV  
  41  4:17  Starport  
  41  4:19  SCV  
  41  4:22  SCV  
  43  4:29  Marine, Barracks Tech Lab  
  43  4:31  SCV  
  45  4:34  SCV  
  45  4:36  Stimpack  
  46  4:43  SCV  
  47  4:47  Marine, SCV, Combat Shield  
  49  4:53  Marine  
  49  4:54  Marine  
  49  4:55  SCV  
  49  4:59  SCV  
  53  5:05  Marine  
  54  5:07  SCV  
  54  5:08  Refinery  
  54  5:11  SCV, Marauder  
  58  5:14  Supply Depot  
  58  5:19  SCV  
  59  5:23  SCV, Marauder  
  59  5:25  Refinery  
  62  5:32  Orbital Command  
  62  5:35  SCV  
  62  5:36  Marauder  
  62  5:38  Supply Depot  
  65  5:44  Marauder  
  65  5:46  Engineering Bay, Barracks Reactor  
  65  5:48  SCV  
  68  5:54  Command Center  
  68  5:57  Marauder  
  68  6:00  SCV  
  71  6:08  Supply Depot  
  71  6:09  SCV  
  71  6:12  SCV  
  71  6:13  Terran Infantry Armor Level 1  
  71  6:16  Marauder  
  74  6:21  SCV  
  74  6:24  SCV  
  56  6:33  SCV  
  56  6:36  SCV  
  56  6:37  Marauder  
  60  6:45  SCV  
  61  6:48  SCV  
  61  6:53  Marauder  
  64  6:55  Marine  
  64  6:56  Marine  
  64  6:57  SCV  
  64  6:58  Marine  
  64  7:01  SCV  
  69  7:09  SCV  
  69  7:10  SCV  
  69  7:13  Marine, SCV  
  69  7:14  Marine  
  74  7:16  Marine  
  74  7:20  Siege Tank  
  74  7:21  SCV  
  79  7:23  SCV  
  79  7:25  SCV  
  74  7:33  SCV  
  74  7:36  SCV  
  75  7:37  SCV  
  75  7:42  Marine  
  68  7:45  Marine  
  68  7:46  SCV  
  68  7:48  SCV  
  68  7:49  SCV  
  68  7:58  SCV  
  68  8:01  SCV  
  68  8:03  SCV  
  70  8:10  SCV  
  64  8:13  SCV  
  64  8:15  SCV  
  61  8:22  SCV  
  61  8:25  SCV  
  53  8:27  SCV  
  34  8:34  SCV  
  34  8:36  Marine  
  33  8:41  Marine  
  33  8:46  Marine  
  34  8:50  Marine  
  34  8:55  Marine  
  35  8:59  Marine  
  36  9:04  Marine  
  36  9:05  SCV  
  36  9:08  SCV  
  39  9:11  SCV  
  40  9:17  Marine, SCV  
  40  9:21  SCV  
  43  9:24  SCV  
  43  9:27  Marine  
  44  9:32  SCV  
  44  9:38  SCV  
Tags
 
Matchup
TvT
Race
Terran
Spawn Locations
Cross Positions
Add a new tag
Caveats
  • Supply blocks, unpowered buildings, or Contaminate may cause inaccurate times.
  • Supply counts are checked every 10 seconds.